 Dungeon Crawl Stone Soup version 0.19.0-19-g8c6edcc (webtiles) character file.

54 vev the Ducker (level 3, -6/22 HPs)
             Began as a Tengu Arcane Marksman on Nov 13, 2016.
             Killed by divine providence
             ... invoked by an orc priest
              (11 damage)
             ... on level 3 of the Dungeon.
             The game lasted 00:05:17 (2084 turns).

vev the Ducker (Tengu Arcane Marksman)              Turns: 2084, Time: 00:05:18

Health: -6/22      AC:  6    Str: 17    XL:     3   Next: 91%
Magic:  5/5        EV: 12    Int: 13    God:
Gold:   67         SH:  6    Dex: 13    Spells: 1 memorised, 3 levels left

rFire  . . .     SeeInvis .     b - -3 dagger (curse)
rCold  . . .     Gourm    .     m - +1 ring mail
rNeg   . . .     Faith    .     (no shield)
rPois  .         Spirit   .     (helmet restricted)
rElec  .         Reflect  +     (no cloak)
rCorr  .         Harm     .     (no gloves)
MR     .....                    (boots unavailable)
Stlth  +.........               h - +6 amulet of reflection
                                (no ring)
                                (no ring)

@: mighty
A: beak, talons 3
a: no special abilities


You were on level 3 of the Dungeon.
You were hungry.

You visited 1 branch of the dungeon, and saw 3 of its levels.

You collected 67 gold pieces.

Inventory:

Hand Weapons
 a - a +0 hand crossbow
 b - a cursed -3 dagger (weapon)
 i - a +0 whip
 k - a +0 hand axe
 r - a +0 lajatang
Missiles
 d - 23 bolts
Armour
 e - a +0 robe
 m - a +1 ring mail (worn)
Jewellery
 h - a +6 amulet of reflection (around neck)
 n - an uncursed amulet of magic regeneration
Books
 c - a book of Debilitation

   Spells                             Type                      Level
   a - Corona                         Hexes                        1
   b - Slow                           Hexes                        2
   c - Gell's Gravitas                Hexes/Translocation          3
   d - Inner Flame                    Hexes/Fire                   3
   e - Cause Fear                     Hexes                        4
   f - Leda's Liquefaction            Hexes/Earth                  4
Comestibles
 f - a bread ration
 o - a meat ration


   Skills:
 + Level 2.4 Fighting
 * Level 1.2 Staves
 - Level 2.1 Crossbows
 + Level 3.2 Dodging
 - Level 1.0 Spellcasting
 - Level 2.1 Hexes


You had 3 spell levels left.
You knew the following spells:

 Your Spells              Type           Power        Failure   Level  Hunger
a - Corona                Hex            #......      24%         1    ##.....


Dungeon Overview and Level Annotations

Branches:
Dungeon (2/15)

Altars:
Elyvilon

Annotations:
D:3 azzavlup's ghost, amateur VSAr


Innate Abilities, Weirdness & Mutations

You have a beak for a mouth.
You have claws for feet.


Message History

The bat hits you but does no damage. The bat hits you but does no damage. x3
There is an open door here.
You hit the orc but do no damage. Your kick misses the orc.
The orc is lightly wounded.
You block the bat's attack. The bat barely misses you.
The orc barely misses you. The bat hits you but does no damage.
Okay, then.
It was a potion of might.
You feel very mighty all of a sudden. The bat closely misses you.
The orc priest hits you but does no damage.
The orc hits you but does no damage. You block azzavlup's ghost's attack.
You closely miss the orc. You claw the orc. You peck the orc.
You kill the orc!
The bat hits you but does no damage.
The orc priest mumbles some strange prayers to Beogh against you.
Beogh smites you!
Ouch! That really hurt!
You die...

# ###.# #################...
#.............W##.#####
..S.g..#
##.##........goo@)......
.......
#8.8#..........b##.#####
#.b... oo..............##.#
....
#8.8#####...o#####(########K.
##S##................K......##
#
...#.........#####.########..#
# .# #####.#####
#.........$.## # . #.o)..#
###########..# # ##+#.#####
##.###


You could see an orc priest, azzavlup's ghost, 2 orcs, a hobgoblin and a bat.

Vanquished Creatures
  An adder (D:3)
  A worm (D:2)
  A dart slug (D:1)
  A leopard gecko (D:1)
  An orc (D:3)
  2 giant cockroaches (D:2)
  7 goblins
  5 hobgoblins
  7 bats
  2 frilled lizards (D:1)
  6 kobolds
  3 rats (D:1)
37 creatures vanquished.

Notes
Turn   | Place    | Note
-------+----------+-------------------------------------------
     0 | D:1      | vev the Tengu Arcane Marksman began the quest for the Orb.
     0 | D:1      | Reached XP level 1. HP: 12/12 MP: 3/3
   231 | D:1      | Reached XP level 2. HP: 15/16 MP: 4/4
   542 | D:1      | Reached skill level 2 in Fighting
   821 | D:1      | Reached skill level 3 in Dodging
   821 | D:1      | Reached XP level 3. HP: 21/21 MP: 5/5
  1056 | D:2      | Found a white marble altar of Elyvilon.
  1674 | D:2      | You fall through a shaft!
  2030 | D:3      | Reached skill level 1 in Staves
  2048 | D:3      | HP: 1/22 [orc priest/divine providence (16)]
  2055 | D:3      | HP: 2/33 [orc/hand axe (3)]
  2057 | D:3      | Noticed azzavlup's ghost (amateur VSAr)
  2084 | D:3      | Killed from afar by an orc priest

Skill      XL: |  1  2  3 |
---------------+----------+-----
Fighting       | 2 |  2.4
Dodging        | 3 |  3.2
Staves         | 1 |  1.2
Crossbows      | |  2.1
Spellcasting   | |  1.0
Hexes          | |  2.1

Action                   || total
-------------------------++-------
Melee: Hand axe          ||    76
       Kick              ||    20
       Peck              ||    16
       Dagger            ||    28
 Fire: Hand crossbow     ||    32
 Cast: Corona            ||     2
  Use: Scroll            ||     6
       Potion            ||     4
  Eat: Chunk             ||     3
Armor: Ring mail         ||    46
       Robe              ||     1
       Skin              ||    11
Dodge: Dodged            ||    77
Block: Other             ||    49
       Reflection        ||     3
